Map: Winter's Gate LE

Players

Elazer - Winner!

  • Race: Zerg Zerg
  • League: Master
  • Spawn Location: 11:00

Zanster

  • Race: Zerg Zerg
  • Spawn Location: 5:00

Event: NationWars 2019

VOD

Have the link to the VOD?

Description

Time

  • Played on: Oct. 13, 2019, 12:52 p.m.
  • Length: 7:35
Show
View Real Time Build Order
Export as new Build Order

Elazer Zerg - Winner!

Build Orders: Hatch First 

Get SALT Encoding   

  12  0:00  Drone  
  13  0:12  Overlord  
  13  0:17  Drone  
  14  0:30  Drone x2  
  16  0:47  Hatchery  
  15  0:51  Drone  
  15  0:54  Drone  
  17  0:57  Drone  
  18  1:08  Extractor  
  17  1:13  Spawning Pool  
  17  1:15  Drone  
  17  1:19  Drone  
  18  1:27  Drone  
  19  1:38  Drone  
  20  1:49  Drone  
  21  1:59  Queen x2  
  21  2:00  Drone  
  21  2:01  Overlord  
  26  2:04  Evolution Chamber  
  25  2:11  Zergling x4  
  27  2:22  Zergling x2, Drone  
  29  2:31  Drone  
  29  2:33  Drone, Zerg Ground Armor Level 1  
  31  2:37  Queen  
  31  2:43  Spine Crawler  
  32  2:50  Overlord  
  32  2:52  Drone  
  32  2:57  Drone x2  
  35  3:04  Drone  
  36  3:07  Metabolic Boost  
  36  3:12  Drone x3  
  39  3:17  Drone x3  
  43  3:22  Drone  
  43  3:26  Overlord  
  43  3:39  Overlord  
  43  3:40  Hatchery  
  42  3:41  Drone  
  43  3:50  Drone x3  
  43  3:51  Lair  
  46  3:56  Roach Warren  
  46  3:57  Zergling x2  
  46  3:58  Zergling x2  
  46  3:59  Zergling x2  
  48  4:06  Overlord  
  48  4:08  Zergling x6, Extractor  
  50  4:12  Zergling x4  
  50  4:15  Zergling x4  
  54  4:21  Zergling x2  
  55  4:27  Extractor  
  55  4:30  Drone x4  
  58  4:33  Drone  
  58  4:35  Zerg Missile Weapons Level 1  
  58  4:36  Overlord  
  56  4:49  Drone x2  
  56  4:54  Overlord  
  56  4:55  Glial Reconstitution  
  56  4:56  Roach x2  
  56  4:59  Roach  
  60  5:03  Roach  
  60  5:05  Overlord  
  60  5:06  Overlord  
  62  5:10  Roach x2  
  65  5:14  Overlord  
  65  5:16  Roach x2  
  65  5:19  Roach  
  71  5:22  Roach  
  71  5:26  Roach  
  75  5:31  Overlord  
  75  5:33  Roach x2  
  75  5:34  Roach  
  81  5:37  Roach  
  81  5:38  Zergling x8  
  87  5:45  Roach x2  
  87  5:49  Roach x2  
  93  5:52  Overlord  
  93  5:56  Roach x2  
  97  5:57  Roach  
  97  6:02  Roach  
  101  6:05  Zergling x6  
  101  6:07  Zergling x2  
  101  6:08  Zergling x2  
  101  6:11  Zergling x4  
  107  6:15  Zergling x4  
  107  6:18  Ravager  
  111  6:19  Zergling x6  
  111  6:23  Zergling x4, Ravager  
  117  6:26  Zergling x4  
  117  6:29  Ravager  
  113  6:40  Roach x3  
  113  6:43  Roach  
  110  6:47  Roach x2  
  110  6:50  Roach  
  110  6:52  Zergling x2  
  110  6:53  Zergling x10  
  108  7:03  Roach x4  
  115  7:15  Roach x4  
Show
View Real Time Build Order
Export as new Build Order

Zanster Zerg 

Build Orders: Pool First 

Get SALT Encoding   

  12  0:00  Drone  
  13  0:12  Overlord  
  13  0:17  Drone  
  14  0:30  Drone x2  
  14  0:35  Drone  
  17  0:44  Spawning Pool  
  17  0:47  Drone  
  17  0:56  Drone  
  18  1:10  Hatchery  
  17  1:11  Extractor  
  17  1:15  Drone  
  17  1:23  Drone  
  18  1:30  Drone  
  18  1:31  Queen  
  21  1:40  Overlord  
  21  1:50  Drone  
  22  2:03  Drone  
  22  2:06  Queen  
  25  2:11  Drone  
  25  2:13  Metabolic Boost  
  26  2:25  Zergling x2  
  26  2:26  Drone  
  28  2:32  Drone  
  29  2:39  Drone  
  29  2:40  Drone x3  
  29  2:42  Queen  
  35  2:44  Overlord  
  35  2:48  Drone  
  36  2:56  Overlord  
  36  3:04  Drone  
  37  3:07  Hatchery  
  37  3:10  Zergling x4  
  38  3:13  Drone x2, Baneling Nest  
  38  3:15  Drone  
  40  3:22  Drone x3  
  40  3:23  Zergling x2  
  40  3:25  Zergling x2  
  44  3:35  Drone  
  45  3:43  Overlord  
  45  3:46  Evolution Chamber  
  44  3:48  Drone x2  
  44  3:51  Drone x6  
  52  3:55  Overlord  
  52  4:00  Baneling x2  
  52  4:01  Extractor  
  50  4:02  Extractor  
  50  4:05  Roach Warren  
  50  4:07  Drone  
  49  4:10  Zergling x4  
  49  4:13  Zerg Missile Weapons Level 1  
  51  4:18  Drone  
  51  4:20  Drone x2  
  51  4:21  Drone x2  
  57  4:24  Zergling x6  
  57  4:27  Baneling x2  
  58  4:33  Overlord  
  58  4:35  Baneling  
  58  4:36  Baneling  
  58  4:39  Zergling x4  
  57  4:46  Roach x3  
  57  4:50  Zergling x2, Roach x2  
  66  4:54  Roach  
  66  4:55  Zergling x2, Roach  
  66  4:58  Queen  
  71  5:02  Drone x2  
  71  5:03  Drone  
  71  5:05  Drone  
  76  5:07  Drone  
  76  5:08  Drone  
  76  5:10  Drone  
  76  5:13  Drone  
  76  5:14  Drone  
  80  5:18  Overlord  
  80  5:19  Drone x2  
  82  5:24  Lair  
  82  5:34  Overlord  
  82  5:37  Drone, Overlord  
  82  5:38  Drone x4  
  87  5:44  Drone  
  87  5:45  Drone x2  
  87  5:48  Drone x2  
  90  5:52  Overlord  
  90  5:54  Extractor  
  88  5:57  Roach x3  
  88  5:58  Roach  
  96  6:04  Roach x2  
  96  6:05  Spine Crawler  
  96  6:07  Spine Crawler, Roach  
  96  6:11  Roach x2, Ravager x2  
  104  6:13  Baneling x4  
  104  6:17  Baneling x2  
  104  6:18  Overlord  
  106  6:20  Roach x2  
  106  6:22  Roach  
  106  6:25  Roach  
  114  6:28  Overlord  
  103  6:41  Roach x8  
  103  6:43  Roach  
  103  6:45  Roach  
  107  6:47  Roach  
  107  6:49  Zergling x4  
  107  6:50  Zergling x2  
  107  6:51  Roach  
  107  6:53  Roach  
  97  6:55  Roach  
  86  7:02  Roach x3  
  78  7:09  Roach x2  
  78  7:11  Roach  
Tags
 
Add a new tag
Caveats
  • Supply blocks, unpowered buildings, or Contaminate may cause inaccurate times.
  • Supply counts are checked every 10 seconds.